 Dungeon Crawl Stone Soup version 0.23-a0-713-ge59bbb1 (webtiles) character file.

72 JeffiDaFish the Firebug (level 4, -1/33 HPs)
             Began as a Draconian Fire Elementalist on Jan 16, 2019.
             Slain by Crazy Yiuf
             ... wielding a +3 quarterstaff of chaos
              (5 damage)
             ... on level 2 of the Dungeon.
             The game lasted 00:05:00 (2359 turns).

JeffiDaFish the Firebug (DrFE)                      Turns: 2359, Time: 00:05:01

Health: -1/33      AC:  5    Str: 11    XL:     4   Next: 6%
Magic:  1/7        EV: 12    Int: 16    God:
Gold:   55         SH:  0    Dex: 11    Spells: 4/8 levels left

rFire    . . .     SeeInvis .   c - +0 dagger
rCold    . . .     Gourm    .   (no shield)
rNeg     . . .     Faith    .   (armour unavailable)
rPois    .         Spirit   .   (helmet restricted)
rElec    .         Reflect  .   (no cloak)
rCorr    .         Harm     .   (no gloves)
MR       .....                  (no boots)
Stlth    ++........             (no amulet)
HPRegen  0.11/turn              (no ring)
MPRegen  0.10/turn              (no ring)

@: no status effects
A: unfitting armour, cold-blooded, AC +5
a: no special abilities


You were on level 2 of the Dungeon.
You were hungry.

You visited 1 branch of the dungeon, and saw 2 of its levels.

You collected 55 gold pieces.

Inventory:

Hand Weapons
 c - a +0 dagger (weapon)
Jewellery
 a - an uncursed ring of stealth {unknown}
Scrolls
 d - a scroll of remove curse {unknown}
Comestibles
 b - 3 rations
 f - 2 chunks of flesh


   Skills:
 + Level 2.1 Dodging
 + Level 2.1 Stealth
 + Level 2.5 Spellcasting
 + Level 2.0 Conjurations
 + Level 3.7 Fire Magic


You had 4 spell levels left.
You knew the following spells:

 Your Spells              Type           Power        Failure   Level  Hunger
a - Flame Tongue          Conj/Fire      ##...        6%          1    #......
b - Conjure Flame         Conj/Fire      ##......     19%         3    ###....

Your spell library contained the following spells:

 Spells                   Type           Power        Failure   Level  Hunger
 Throw Flame              Conj/Fire      ##....       9%          2    ##.....
 Inner Flame              Hex/Fire       #.......     26%         3    ###....
 Sticky Flame             Conj/Fire      ##......     52%         4    #####..
 Fireball                 Conj/Fire      ##........   86%         5    ######.


Dungeon Overview and Level Annotations

Branches:
Dungeon (2/15)

Altars:

Annotations:
D:2 Crazy Yiuf


Innate Abilities, Weirdness & Mutations

Your plain brown scales are hard. (AC +5)
You cannot fit into any form of body armour.
You are cold-blooded and may be slowed by cold attacks.


Message History

Crazy Yiuf barely misses you.
Casting: Flame Tongue (safe; 6% risk of failure)
Confirm with . or Enter, or press ? or * to list all spells.
Aiming: Flame Tongue (safe; 6% risk of failure)
Press: ? - help, Shift-Dir - straight line, f/p - Crazy Yiuf
Aim: Crazy Yiuf, wielding a +3 quarterstaff of chaos and wearing a cursed +0 cloak (lightly wounded)
The flame tongue hits Crazy Yiuf.
Crazy Yiuf is heavily wounded.
Crazy Yiuf hits you with a +3 quarterstaff of chaos!
Casting: Flame Tongue (safe; 6% risk of failure)
Confirm with . or Enter, or press ? or * to list all spells.
Aiming: Flame Tongue (safe; 6% risk of failure)
Press: ? - help, Shift-Dir - straight line, f/p - Crazy Yiuf
Aim: Crazy Yiuf, wielding a +3 quarterstaff of chaos and wearing a cursed +0 cloak (heavily wounded)
The flame tongue hits Crazy Yiuf.
Crazy Yiuf is almost dead.
Crazy Yiuf hits you with a +3 quarterstaff of chaos!
* * * LOW HITPOINT WARNING * * *
Crazy Yiuf freezes you.
You die...

..(......)..# #...# #...#
....#.#.###.# ######...# ...
....#.#.# .. ........# #'#
....#.#.###.#######..#..# ♣g♣♣
..........#.# #.?......# ♣♣.♣
....#.#.#(#.####.##..##.# ♣.♣♣
(...#.#........#.##..##.# ♣♣.♣
.##.#(.....<.....##..##g# ♣♣.♣♣
......#.....#...@g...##.# ♣♣...♣
#####..#..#.##.#####÷##.# ♣..g.♣
......##<...............# #....#
########.##.##.#####.##.#####..##
##.#.#.######.##...g....#
##..........>######...##
############# #####


You could see Crazy Yiuf.

Vanquished Creatures
  Jessica (D:2)
  A gnoll (D:1)
  4 leopard geckos
  7 bats
  A giant cockroach (D:1)
  3 goblins (D:1)
  3 hobgoblins (D:1)
  2 quokkas (D:2)
  3 frilled lizards
  4 kobolds
  3 rats
32 creatures vanquished.

Notes
Turn   | Place    | Note
-------+----------+-------------------------------------------
     0 | D:1      | JeffiDaFish the Draconian Fire Elementalist began the quest
                  | for the Orb.
     0 | D:1      | Reached XP level 1. HP: 14/14 MP: 3/3
   530 | D:1      | Reached XP level 2. HP: 20/20 MP: 3/5
  1153 | D:1      | Reached XP level 3. HP: 26/26 MP: 1/6
  1700 | D:2      | Noticed Jessica
  2099 | D:2      | Killed Jessica
  2221 | D:2      | Reached XP level 4. HP: 32/33 MP: 4/7
  2304 | D:2      | Found a runed door.
  2312 | D:2      | Learned a level 3 spell: Conjure Flame
  2312 | D:2      | Noticed Crazy Yiuf
  2359 | D:2      | Slain by Crazy Yiuf

Vault maps used:
D:1:      tarquinn_simple_flora_water_c, corner_web_ring, minmay_crystal_water
D:2:      chequers_ecumenical_altar_island, first_ration,
          uniq_crazy_yiuf_cottage, uniq_jessica

Skill      XL: |  1  2  3 |
---------------+----------+-----
Stealth        | 2 |  2.1
Dodging        | 2 |  2.1
Conjurations   | 2 |  2.0
Spellcasting   | |  2.5
Fire Magic     | |  3.7

Action                   |  1- 3 |  4- 6 || total
-------------------------+-------+-------++-------
Melee: Unarmed           |     9 |       ||     9
       Dagger            |     7 |     3 ||    10
 Cast: Flame Tongue      |    56 |    10 ||    66
       Conjure Flame     |       |     1 ||     1
  Use: Scroll            |     4 |       ||     4
       Potion            |     1 |       ||     1
 Stab: Sleeping          |     1 |       ||     1
  Eat: Chunk             |     5 |       ||     5
Armor: Skin              |    24 |       ||    24
Dodge: Dodged            |    56 |     4 ||    60

Table legend:
 A = Non-vault XP
 B = Vault XP
 C = Vault XP percentage of total XP
 D = Non-vault monster count
 E = Vault monster count
 F = Vault count percentage of total count
                 A         B        C        D         E       F
            +---------+---------+-------+---------+---------+-------
      Total |      66 |      37 |  35.9 |      31 |       1 |   3.1
            +---------+---------+-------+---------+---------+-------
        D:1 |      52 |       0 |   0.0 |      22 |       0 |   0.0
        D:2 |      14 |      37 |  72.5 |       9 |       1 |  10.0
            +---------+---------+-------+---------+---------+-------
